 Dungeon Crawl Stone Soup version 0.19-a0-442-g8935a21 (webtiles) character file.

107 Ordine the Changer (level 4, -3/28 HPs)
             Began as an Octopode Transmuter on June 1, 2016.
             Slain by Ordine's ghost (9 damage)
             ... on level 3 of the Dungeon.
             The game lasted 00:12:02 (2955 turns).

Ordine the Changer (Octopode Transmuter)            Turns: 2955, Time: 00:12:02

Health: -3/28      AC:  1    Str:  9    XL:     4   Next: 85%
Magic:  7/7        EV: 12    Int: 16    God:
Gold:   76         SH:  0    Dex: 12    Spells: 2 memorised, 0 levels left

rFire  . . .     SeeInvis .       - Unarmed
rCold  . . .     Gourm    .     (no shield)
rNeg   . . .     Faith    .     (helmet restricted)
rPois  .         Spirit   .     (no amulet)
rElec  .         Dismiss  .     h - ring of protection from magic
rCorr  .         Reflect  .     (no ring)
SustAt .         Harm     .     (no ring)
MR     +....                    (no ring)
Stlth  +++.......               (no ring)
                                (no ring)
                                (no ring)
                                (no ring)

@: very slightly contaminated, invisible, somewhat resistant to hostile
enchantments, fairly stealthy
A: almost no armour, amphibious, 8 rings, constrict 8, camouflage 1, gelatinous
body 1
a: no special abilities


You were on level 3 of the Dungeon.
You were not hungry.

You visited 1 branch of the dungeon, and saw 3 of its levels.

You collected 76 gold pieces.

Inventory:

Missiles
 e - 8 tomahawks (quivered)
Jewellery
 h - a ring of protection from magic (left tentacle)
Scrolls
 i - a scroll of immolation
 l - a scroll of remove curse
Potions
 a - a potion of cancellation
 f - a potion of cure mutation
 g - 3 potions of brilliance
Books
 b - a book of Changes

   Spells                             Type                      Level
   a - Beastly Appendage              Transmutation                1
   b - Sticks to Snakes               Transmutation                2
   c - Spider Form                    Transmutation/Poison         3
   d - Ice Form                       Ice/Transmutation            4
   e - Blade Hands                    Transmutation                5
Comestibles
 c - 2 bread rations
 d - 4 chunks of flesh
 j - 2 slices of pizza


   Skills:
 - Level 1.0 Fighting
 - Level 2.0 Dodging
 + Level 3.0 Stealth
 - Level 3.0 Unarmed Combat
 - Level 2.0 Spellcasting
 * Level 4.2 Transmutations
 + Level 0.0 Ice Magic


You couldn't memorise any spells.
You knew the following spells:

 Your Spells              Type           Power        Failure   Level  Hunger
a - Spider Form           Tmut/Pois      #.........   28%         3    ###....
b - Ice Form              Ice/Tmut       #.......     85%         4    #####..


Dungeon Overview and Level Annotations

Branches:
Dungeon (3/15)

Altars:

Annotations:
D:3 Ordine's ghost, amateur OpTm


Innate Abilities, Weirdness & Mutations

You cannot wear most types of armour.
You are amphibious.
You can wear up to eight rings at the same time.
You can use your tentacles to constrict eight enemies at once.
Your skin changes colour to match your surroundings (Stealth+).
Your rubbery body absorbs attacks. (AC +1)


Message History

Ordine's ghost hits you.
You tentacle-slap Ordine's ghost but do no damage.
Ordine's ghost is heavily damaged.
Ordine's ghost hits you.
* * * LOW HITPOINT WARNING * * *
It was a potion of invisibility.
You fade into invisibility!
Ordine's ghost barely misses you.
You are very lightly contaminated with residual magic.
You tentacle-slap Ordine's ghost. You squeeze Ordine's ghost.
Ordine's ghost is heavily damaged.
You catch the helpless Ordine's ghost completely off-guard!
You tentacle-slap Ordine's ghost.
Ordine's ghost is severely damaged.
Ordine's ghost wails, "What do you have that I didn't have?"
Ordine's ghost barely misses you.
You tentacle-slap Ordine's ghost but do no damage.
Ordine's ghost is severely damaged.
Ordine's ghost hits you!
You die...

#... #........# #...
#........# #..[
#.)......# ###...
#........# #.....
#........# +.รท...
#......# ##+####.....
#......# #.....#.....
#..W@..# #.....#.....
#......#+#...........
#................##..
###+##...........##..
#........#####..
#........# #..
#........'.. #..
..........### #..
....##+###### #..


You could see Ordine's ghost.

Vanquished Creatures
  4 gnolls (D:2)
  2 adders (D:2)
  A worm (D:2)
  A dart slug (D:2)
  A giant gecko (D:2)
  A ball python (D:2)
  A giant cockroach (D:1)
  9 goblins
  6 hobgoblins
  4 kobolds (D:2)
  10 bats
  5 rats
45 creatures vanquished.

Notes
Turn   | Place    | Note
--------------------------------------------------------------
     0 | D:1      | Ordine the Octopode Transmuter began the quest for the Orb.
     0 | D:1      | Reached XP level 1. HP: 13/13 MP: 3/3
   434 | D:1      | Reached XP level 2. HP: 18/18 MP: 5/5
   728 | D:1      | Reached skill level 1 in Stealth
  1162 | D:2      | Reached skill level 3 in Transmutations
  1344 | D:2      | Reached XP level 3. HP: 23/23 MP: 6/6
  1361 | D:2      | Learned a level 3 spell: Spider Form
  1691 | D:2      | Reached XP level 4. HP: 28/28 MP: 3/7
  1856 | D:2      | Reached skill level 4 in Transmutations
  2677 | D:2      | Learned a level 4 spell: Ice Form
  2934 | D:3      | Noticed Ordine's ghost (amateur OpTm)
  2955 | D:3      | Slain by Ordine's ghost

Vault maps used:
D:1:      mrwooster_arrival_statue_3, minmay_misc_feat_tower
D:3:      lemuel_round_altar, kennysheep_minor_cross

Skill      XL: |  1  2  3  4 |
---------------+-------------+-----
Stealth        | 1 2 3 |  3.0
Transmutations | 3 4 |  4.2
Fighting       | |  1.0
Dodging        | |  2.0
Unarmed Combat | |  3.0
Spellcasting   | |  2.0

Action                   |  1- 3 |  4- 6 || total
-------------------------+-------+-------++-------
Melee: Unarmed           |    57 |    52 ||   109
       Constrict         |    13 |    10 ||    23
       Tentacles         |     1 |    12 ||    13
 Cast: Beastly Appendage |     1 |     1 ||     2
       Spider Form       |     2 |     1 ||     3
  Use: Scroll            |     6 |     2 ||     8
       Potion            |       |     1 ||     1
 Stab: Sleeping          |     7 |     6 ||    13
       Invisible         |       |     1 ||     1
  Eat: Chunk             |     2 |     5 ||     7
Armor: Skin              |     8 |     6 ||    14
Dodge: Dodged            |    27 |    26 ||    53
